 Dungeon Crawl Stone Soup version 0.24.0-28-g17ded55e90 (webtiles) character file.

Game seed: 4486567644204862310, levelgen mode: deterministic

789 DavidChitty2 the Firebug (level 7, -3/58 HPs)
             Began as a Green Draconian Fire Elementalist on Nov 11, 2019.
             Killed by divine providence
             ... invoked by an orc priest
              (14 damage)
             ... on level 5 of the Dungeon.
             The game lasted 00:09:49 (7089 turns).

DavidChitty2 the Firebug (DrFE)                     Turns: 7089, Time: 00:09:50

Health: -3/58      AC:  6    Str: 10    XL:     7   Next: 56%
Magic:  4/12       EV: 12    Int: 21    God:
Gold:   219        SH:  0    Dex: 11    Spells: 7/13 levels left

rFire    . . .     SeeInvis .   a - +2 dagger (venom)
rCold    . . .     Gourm    .   (no shield)
rNeg     . . .     Faith    .   (armour unavailable)
rPois    +         Spirit   .   (helmet restricted)
rElec    .         Reflect  .   (no cloak)
rCorr    .         Harm     .   (no gloves)
MR       .....                  (no boots)
Stlth    ++........             (no amulet)
HPRegen  0.19/turn              p - +3 ring of intelligence
MPRegen  0.13/turn              u - ring of flight

@: no status effects
A: breathe noxious fumes, unfitting armour, poison resistance, cold-blooded, AC
+6
a: Breathe Noxious Fumes, Evoke Flight


You were on level 5 of the Dungeon.
You were not hungry.

You visited 1 branch of the dungeon, and saw 5 of its levels.

You collected 219 gold pieces.

Inventory:

Hand Weapons
 a - a +2 dagger of venom (weapon)
   (You found it on level 1 of the Dungeon)
 b - a +2 dagger of flaming
   (You took it off Dowan on level 4 of the Dungeon)
 j - a cursed +0 spear
   (You found it on level 3 of the Dungeon)
Missiles
 c - 168 stones (quivered)
 l - 45 sling bullets
Jewellery
 p - a +3 ring of intelligence (left hand)
   (You found it on level 2 of the Dungeon)
 u - a ring of flight (right hand)
   (You found it on level 3 of the Dungeon)
Scrolls
 f - a scroll of identify {@r1}
 k - 2 scrolls of teleportation {@r4}
 o - a scroll of amnesia {unknown}
 q - a scroll of fog {unknown}
Potions
 d - 4 potions of might
 g - a potion of mutation {unknown}
 h - 2 potions of cancellation
 i - a potion of resistance {unknown}
 m - 2 potions of heal wounds {unknown}
 n - a potion of haste {unknown}
 r - a potion of lignification {unknown}
 s - a potion of degeneration {unknown}
 t - 2 potions of flight {unknown}
 x - 5 potions of curing {@q1}
 y - a potion of invisibility {unknown}
 z - a potion of berserk rage {unknown}
Comestibles
 e - 12 rations {!d}
 v - a chunk of flesh


   Skills:
 + Level 3.8 Fighting
 - Level 1.7 Dodging
 - Level 1.7 Stealth
 + Level 3.8 Spellcasting
 + Level 3.7 Conjurations
 * Level 6.2 Fire Magic


You had 7 spell levels left.
You knew the following spells:

 Your Spells              Type           Power        Failure   Level  Hunger
a - Flame Tongue          Conj/Fire      ####.        1%          1    None
d - Conjure Flame         Conj/Fire      ####....     4%          3    ###....
x - Throw Flame           Conj/Fire      ####..       2%          2    #......

Your spell library contained the following spells:

 Spells                   Type           Power        Failure   Level  Hunger
 Shock                    Conj/Air       ##..         5%          1    None
 Inner Flame              Hex/Fire       ###.....     11%         3    ###....
 Sticky Flame             Conj/Fire      ####....     16%         4    ####...
 Static Discharge         Conj/Air       ##......     17%         3    ###....
 Swiftness                Chrm/Air       #.......     19%         2    #......
 Fireball                 Conj/Fire      ####......   41%         5    ######.
 Airstrike                Air            #.........   77%         4    ####...
 Lightning Bolt           Conj/Air       ##........   83%         5    ######.


Dungeon Overview and Level Annotations

Branches:
Dungeon (5/15)
 Temple: D:4-7

Altars:
Zin
The Shining One


Innate Abilities, Weirdness & Mutations

You can breathe blasts of noxious fumes.
Your lurid green scales are hard. (AC +6)
You cannot fit into any form of body armour.
Your system is resistant to poisons. (rPois)
You are cold-blooded and may be slowed by cold attacks.


Message History

There is an open door here.
You see here a bullfrog skeleton.
Eating one of 2 chunks of flesh.
You eat one of the 2 chunks of flesh.
Found a whip.
You see here a whip.
Found a club.
There is an open door here.
Found 20 poisoned darts.
The centaur is too close now for your liking.
Aim: a centaur (hasn't noticed you)
The puff of flame hits the centaur!
The centaur shouts!
The centaur wields a +0 shortbow.
The centaur shoots an arrow.
The arrow hits you!
The centaur shoots an arrow.
The arrow hits you!
Aim: a centaur, wielding a +0 shortbow (moderately wounded)
The puff of flame hits the centaur.
Aim: a centaur, wielding a +0 shortbow (heavily wounded)
The puff of flame hits the centaur!
The centaur shoots an arrow.
The arrow completely misses you.
An orc priest comes into view. It is wielding a +0 mace.
An orc comes into view. It is wielding a +0 dagger.
The orc shouts!
You hear a shout!
Aim: a centaur, wielding a +0 shortbow (severely wounded)
The puff of flame misses the centaur.
The puff of flame hits the orc priest.
The orc priest shouts!
The centaur shoots an arrow.
The arrow hits you.
The orc priest mumbles some strange prayers to Beogh against you.
Beogh smites you!
* * * LOW HITPOINT WARNING * * *
Aim: a centaur, wielding a +0 shortbow (severely wounded)
The puff of flame hits the centaur.
You kill the centaur!
The orc priest looks satisfied for a moment.
The orc throws a poisoned dart.
The poisoned dart hits you.
An orc priest comes into view.
There is an open door here.
The orc priest invokes the aid of Beogh against you.
Beogh smites you!
* * * LOW HITPOINT WARNING * * *
The orc priest looks braver for a moment.
There is an open door here.
You see here a bullfrog skeleton.
You see here a chain mail.
The fire ignites!
The orc priest calls down the wrath of Beogh upon you.
Beogh smites you!
* * * LOW HITPOINT WARNING * * *
The orc priest invokes the aid of Beogh against you.
Beogh smites you!
You die...

.##.############.##
.รท.......o.o[..o.>#
.###############o##
.# #.# ## #.# #.#
#.# #.# #@# #.# #.#
#.################
#.#.............<#
#.#.##############
#.#.# #.#.# #.#.#


You could see 2 orc priests.

Vanquished Creatures
  Duvessa (D:4)
  An ogre (D:4)
  A centaur (D:5)
  A bullfrog (D:5)
  Dowan (D:4)
  A scorpion (D:4)
  2 hounds
  A bullfrog skeleton (D:5)
  2 iguanas (D:4)
  A worker ant (D:4)
  A hound skeleton (D:5)
  A howler monkey zombie (D:4)
  7 adders
  2 oozes
  2 worms (D:3)
  3 dart slugs
  4 leopard geckos
  2 orcs (D:4)
  15 giant cockroaches
  7 goblins
  6 hobgoblins
  A quokka (D:4)
  2 ball pythons
  10 bats
  4 frilled lizards
  7 kobolds
  10 rats
96 creatures vanquished.

Notes
Turn   | Place    | Note
-------+----------+-------------------------------------------
     0 | D:1      | DavidChitty2 the Draconian Fire Elementalist began the
                  | quest for the Orb.
     0 | D:1      | Reached XP level 1. HP: 14/14 MP: 3/3
   385 | D:1      | Reached XP level 2. HP: 22/22 MP: 3/5
   444 | D:1      | Learned a level 2 spell: Throw Flame
   939 | D:1      | Reached skill level 1 in Fighting
  1353 | D:1      | Reached XP level 3. HP: 28/28 MP: 0/6
  3208 | D:3      | Reached XP level 4. HP: 35/35 MP: 2/7
  3335 | D:3      | Found a glowing silver altar of Zin.
  3335 | D:3      | Found a glowing golden altar of the Shining One.
  3428 | D:3      | Reached skill level 4 in Fire Magic
  4483 | D:3      | Learned a level 3 spell: Conjure Flame
  4489 | D:4      | Reached XP level 5. HP: 41/41 MP: 0/9
  5171 | D:4      | Reached XP level 6. HP: 50/50 MP: 0/10
  5264 | D:4      | Noticed Dowan
  5266 | D:4      | Noticed Duvessa
  5315 | D:3      | Reached skill level 5 in Fire Magic
  5430 | D:4      | Killed Duvessa
  5544 | D:4      | Killed Dowan
  6328 | D:4      | Your scales start taking on a lurid green colour.
  6328 | D:4      | Reached XP level 7. HP: 57/57 MP: 3/12
  6328 | D:4      | Gained mutation: Your system is resistant to poisons.
                  | (rPois) [Green Draconian growth]
  6744 | D:5      | Entered Level 5 of the Dungeon
  6906 | D:5      | Reached skill level 6 in Fire Magic
  7089 | D:5      | Killed from afar by an orc priest

Levels and vault maps discovered:
D:1:      dpeg_arrival_boxorama, layout_loops_cross
D:2:      layout_basic, kennysheep_generic_room_2
D:3:      minmay_roachtagon, layout_basic, gammafunk_temple_overflow_elements,
          minmay_starry_boxes
D:4:      layout_loops_ring, guppyfry_early_lair_pool, uniq_duvessa
D:5:      layout_basic, serial_shops, shop, first_ration

Skill      XL: |  1  2  3  4  5  6  7 |
---------------+----------------------+-----
Fighting       | 1 2 3 |  3.8
Fire Magic     | 4 5 6 |  6.2
Conjurations   | 2 3 |  3.7
Spellcasting   | 3 |  3.8
Dodging        | |  1.7
Stealth        | |  1.7

Action                   |  1- 3 |  4- 6 |  7- 9 || total
-------------------------+-------+-------+-------++-------
Melee: Dagger            |    34 |    51 |       ||    85
       Unarmed           |     2 |       |       ||     2
       Tailslap          |     3 |     7 |       ||    10
Throw: Stone             |     5 |    13 |       ||    18
 Cast: Flame Tongue      |    47 |    54 |     7 ||   108
       Throw Flame       |    33 |    54 |    16 ||   103
       Conjure Flame     |       |     3 |     1 ||     4
  Use: Scroll            |       |     8 |       ||     8
  Eat: Chunk             |     7 |    12 |     3 ||    22
       Ration            |     1 |       |       ||     1
Armor: Skin              |    13 |    30 |     2 ||    45
Dodge: Dodged            |    50 |    53 |     4 ||   107
